 Dungeon Crawl Stone Soup version 0.25.0-26-g0c896c7088 (webtiles) character file.

Game seed: 329429701904306322

163 Dirian the Shield-Bearer (level 5, -3/46 HPs)
             Began as a Minotaur Fighter on June 30, 2020.
             Was an Initiate of Makhleb.
             Slain by a sky beast (4 damage)
             ... on level 3 of the Dungeon.
             The game lasted 00:02:05 (1951 turns).

Dirian the Shield-Bearer (Minotaur Fighter)         Turns: 1951, Time: 00:02:06

Health: -3/46      AC:  9    Str: 22    XL:     5   Next: 20%
Magic:  4/4        EV:  7    Int:  5    God:    Makhleb [......]
Gold:   78         SH:  9    Dex:  9    Spells: 4/4 levels left

rFire    . . .     SeeInvis .   a - +0 war axe
rCold    . . .     Gourm    .   c - +0 kite shield
rNeg     . . .     Faith    .   b - +0 scale mail
rPois    .         Spirit   .   (helmet restricted)
rElec    .         Reflect  .   (no cloak)
rCorr    .         Harm     .   p - +1 pair of gloves
MR       .....                  (no boots)
Stlth    ..........             (no amulet)
HPRegen  0.15/turn              (no ring)
MPRegen  0.09/turn              (no ring)

@: no status effects
A: retaliatory headbutt, horns 2
a: Renounce Religion


You were on level 3 of the Dungeon.
You worshipped Makhleb.
Makhleb was noncommittal.
You were not hungry.

You visited 1 branch of the dungeon, and saw 3 of its levels.

You collected 78 gold pieces.

Inventory:

Hand Weapons
 a - a +0 war axe (weapon)
Armour
 b - a +0 scale mail (worn)
 c - a +0 kite shield (worn)
 p - a +1 pair of gloves (worn)
Jewellery
 s - a +6 ring of dexterity {unknown}
 u - an uncursed amulet of regeneration {unknown}
 v - a cursed ring of teleportation {unknown}
Scrolls
 f - 6 scrolls of teleportation {unknown}
 j - 2 scrolls of remove curse {unknown}
 k - 2 scrolls of identify {unknown}
 l - a scroll of enchant weapon {unknown}
 m - a scroll of enchant armour {unknown}
 n - a scroll of fog {unknown}
 o - 3 scrolls of magic mapping {unknown}
 r - a scroll of random uselessness {unknown}
Potions
 d - a potion of might
 h - a potion of stabbing {unknown}
 i - a potion of heal wounds {unknown}
 q - a potion of resistance {unknown}
 t - a potion of mutation {unknown}
 w - a potion of flight {unknown}
Comestibles
 e - 6 rations
 g - 4 chunks of flesh


   Skills:
 + Level 4.2 Fighting
 * Level 4.6 Axes
 + Level 4.4 Armour
 + Level 4.8 Shields


You had 4 spell levels left.
You didn't know any spells.
Your spell library was empty.

Dungeon Overview and Level Annotations

Branches:
Dungeon (3/15)

Altars:
Makhleb


Innate Abilities, Weirdness & Mutations

You reflexively headbutt those who attack you in melee.
You have a pair of horns on your head.


Message History

No target in view!
No target in view!
No target in view!
No target in view!
No target in view!
No target in view!
No target in view!
You miss something. Something hits you. Something shocks you.
You closely miss something. Something hits you but does no damage.
Something hits you. Something shocks you.
You miss something. Something hits you. Something shocks you.
* * * LOW HITPOINT WARNING * * *
You barely miss something. Something hits you.
* * * LOW HITPOINT WARNING * * *
Something shocks you.
* * * LOW HITPOINT WARNING * * *
You miss something. Your headbutt misses something.
Something hits you but does no damage.
You miss something. Something hits you.
You die...

#### ..#
#.####.#
#..{...#
#.@# #..#
#..# #..#
#..# #..#
#####
#######..#
#...
.........#
#.###
########.#


There were no monsters in sight!

Vanquished Creatures
  4 gnolls
  6 adders (D:2)
  2 worms
  2 dart slugs
  3 leopard geckos
  An orc (D:2)
  7 bats
  6 giant cockroaches
  6 goblins
  4 hobgoblins
  4 jackals (D:3)
  2 quokkas (D:3)
  3 frilled lizards
  5 kobolds
  A leopard gecko zombie (D:2)
  4 rats
60 creatures vanquished.

Notes
Turn   | Place    | Note
-------+----------+-------------------------------------------
     0 | D:1      | Dirian the Minotaur Fighter began the quest for the Orb.
     0 | D:1      | Reached XP level 1. HP: 19/19 MP: 0/0
   139 | D:1      | Reached XP level 2. HP: 23/27 MP: 1/1
   553 | D:1      | Reached XP level 3. HP: 28/33 MP: 2/2
   930 | D:2      | Reached XP level 4. HP: 40/40 MP: 3/3
  1304 | D:2      | Found a burning altar of Makhleb.
  1366 | D:2      | Reached XP level 5. HP: 46/46 MP: 4/4
  1823 | D:2      | Became a worshipper of Makhleb the Destroyer
  1937 | D:3      | Noticed a sky beast
  1949 | D:3      | HP: 1/46 [something (6)]
  1951 | D:3      | Slain by a sky beast

Illustrated notes

Levels and vault maps discovered:
D:1:      eino_arrival_tree_alley, layout_basic
D:2:      layout_rooms, first_ration, minmay_hexomino_r4
D:3:      layout_loops_ring, nicolae_overflow_crystal_walls

Skill      XL: |  1  2  3  4 |
---------------+-------------+-----
Shields        | 4 |  4.8
Axes           | 3 4 |  4.6
Armour         | 4 |  4.4
Fighting       | 4 |  4.2

Action                   |  1- 3 |  4- 6 || total
-------------------------+-------+-------++-------
Melee: War axe           |    96 |   107 ||   203
       Headbutt          |     8 |    12 ||    20
  Eat: Chunk             |       |     4 ||     4
Armor: Scale mail        |    54 |    48 ||   102
Dodge: Dodged            |    35 |    36 ||    71
Block: Kite shield       |    50 |    51 ||   101
